 Dungeon Crawl Stone Soup version 0.30.0-5-g1a98f26d00 (webtiles) character file.

Game seed: 12596013902946871922

779 selver the Carver (level 7, -8/52 HPs)
             Began as a Demonspawn Monk on May 12, 2023.
             Mangled by an orc warrior
             ... wielding a +0 scimitar
              (13 damage)
             ... on level 5 of the Dungeon.
             The game lasted 00:08:38 (4114 turns).

selver the Carver (Demonspawn Monk)                 Turns: 4114, Time: 00:08:39

Health: -8/52      AC:  7    Str: 11    XL:     7   Next: 54%
Magic:  7/7        EV: 12    Int: 11    God:
Gold:   226        SH:  0    Dex: 18    Spells: 6/6 levels left

rFire   . . .        a - +0 falchion
rCold   . . .        d - orb {light}
rNeg    . . .        i - +0 leather armour
rPois   .            (no helmet)
rElec   .            t - scarf {shadows}
rCorr   .            q - +0 pair of gloves
SInv    .            (no boots)
Will    .....        (no amulet)
Stlth   +            (no ring)
HPRegen 0.28/turn    (no ring)
MPRegen 0.10/turn

%: no passive effects
@: glowing
A: thin metallic scales 2, demonic guardian 1
a: no special abilities


You were on level 5 of the Dungeon.
You visited 1 branch of the dungeon, and saw 5 of its levels.
You also visited: Sewer.

You collected 226 gold pieces.

Inventory:

Hand Weapons
 a - a +0 falchion (weapon)
Missiles
 f - 6 curare-tipped darts (quivered)
 p - a throwing net
 s - 2 poisoned darts
Armour
 b - a +0 robe
 d - an orb of light (worn)
 h - a +0 ring mail
 i - a +0 leather armour (worn)
 q - a +0 pair of gloves (worn)
 t - a scarf of shadows (worn)
Jewellery
 l - a ring of magical power
Scrolls
 c - a scroll of noise {unknown}
 g - a scroll of fear {unknown}
 j - 3 scrolls of identify
 m - 5 scrolls of teleportation {unknown}
 n - a scroll of amnesia {unknown}
 o - 2 scrolls of blinking {unknown}
 r - 3 scrolls of fog {unknown}
 u - 2 scrolls of magic mapping {unknown}
 w - a scroll of enchant armour {unknown}
 x - a scroll of torment {unknown}
 y - a scroll of immolation {unknown}
Potions
 e - a potion of invisibility
 k - a potion of curing {unknown}
 v - a potion of brilliance


   Skills:
 - Level 3.0 Fighting
 + Level 8.2 Long Blades
 - Level 2.6 Dodging


You had 6 spell levels left.
You didn't know any spells.
Your spell library contained the following spells:

 Spells                   Type           Power      Damage    Failure   Level
 Poisonous Vapours        Pois/Air       0%         N/A       56%         2
 Mephitic Cloud           Conj/Pois/Air  0%         N/A       80%         3
 Freezing Cloud           Conj/Ice/Air   0%         6-21      100%        5


Dungeon Overview and Level Annotations

Branches:
Dungeon (5/15)              Sewer (visited)
 Temple: D:4-7

Altars:
Cheibriados
Fedhas
Kikubaaqudgha
Makhleb
Qazlal
Xom

Shops:
D:4 [


Innate Abilities, Weirdness & Mutations

You are mostly covered in thin metallic scales. (AC +3)
A weak demonic guardian rushes to your aid.


Message History

The orc priest is lightly wounded.
Your ufetubus hits the orc priest but does no damage.
Your ufetubus hits the orc priest. You hit the orc priest.
The orc priest is heavily wounded.
The orc priest begins to cast a cantrip, but forgets the words!
Your ufetubus misses the orc priest.
Your ufetubus barely misses the orc priest.
You slash the orc priest!
You kill the orc priest!
You start resting.
Your ufetubus disappears in a puff of smoke!
An orc warrior is nearby!
Things that are here:
a +0 dagger of speed; a +0 robe The orc warrior hits you with a +0 scimitar.
A demonic guardian appears!
You hit the orc warrior.
The orc warrior is lightly wounded.
The orc warrior hits you with a +0 scimitar!
You are too injured to fight recklessly!
You are too injured to fight recklessly!
Your white imp gestures at the orc warrior.
The puff of frost hits the orc warrior!
The orc warrior hits your white imp with a +0 scimitar!
Your white imp dies!
Your white imp disappears in a puff of smoke!
The orc warrior shouts!
Things that are here:
a +0 dagger of speed; a +0 robe You are too injured to fight recklessly!
The orc warrior hits you with a +0 scimitar!
You slash the orc warrior!
The orc warrior is severely wounded.
The orc warrior hits you with a +0 scimitar!
* * * LOW HITPOINT WARNING * * *
You barely miss the orc warrior.
The orc warrior is severely wounded.
The orc warrior hits you with a +0 scimitar!
You die...

......#####.........#
[.)#### #####.##### ##)#
#.# ##'## #.# #...## #.#
.....## ## #.# ......##
##.##.## #
.......####....).####.#.#.
.......'.....).)@o))).....
.......####...#.#####.....
......## ###.##.# ....
.....## .. .# .## #.†.##
#.8 .# # ##'## #.. ## #.#
##. #.# ##.##


You could see an orc warrior.

Vanquished Creatures
  An ogre (D:4)
  A phantom (D:4)
  3 hounds
  4 orc priests (D:5)
  An iguana (D:4)
  3 gnolls (D:5)
  3 river rats (Sewer)
  11 adders
  4 worms
  3 dart slugs
  9 orcs
  7 endoplasms
  2 giant cockroaches
  4 goblins
  3 hobgoblins
  4 jackals (D:4)
  14 ball pythons
  A bat (D:2)
  4 frilled lizards
  A kobold (D:2)
  6 rats
89 creatures vanquished.

Vanquished Creatures (collateral kills)
  Menkaure (D:4)
  An orc wizard (D:5)
  An endoplasm (D:2)
3 creatures vanquished.

Vanquished Creatures (others)
  A human (D:3)
1 creature vanquished.

Grand Total: 93 creatures vanquished

Notes
Turn   | Place    | Note
-------+----------+-------------------------------------------
     0 | D:1      | selver the Demonspawn Monk began the quest for the Orb.
     0 | D:1      | Reached XP level 1. HP: 18/18 MP: 1/1
   226 | D:1      | Reached skill level 3 in Long Blades
   305 | D:1      | Gained mutation: A weak demonic guardian rushes to your
                  | aid. [demonic ancestry]
   305 | D:1      | Reached XP level 2. HP: 24/24 MP: 2/2
   807 | D:2      | Gained mutation: You are partially covered in thin metallic
                  | scales. (AC +2) [demonic ancestry]
   807 | D:2      | Reached XP level 3. HP: 24/29 MP: 3/3
   979 | D:2      | Reached skill level 4 in Long Blades
  1420 | D:3      | Found a faded altar of an unknown god.
  1430 | D:3      | Reached XP level 4. HP: 34/35 MP: 4/4
  1439 | D:3      | Identified the +2 whip of Foolhardiness {drain, *Noise
                  | rPois rN+ Int+3}
  1668 | D:3      | Found an ancient bone altar of Kikubaaqudgha.
  1696 | D:3      | Noticed a human
  1698 | D:3      | Killed a human
  2085 | D:4      | Found a snail-covered altar of Cheibriados.
  2170 | D:4      | Found a burning altar of Makhleb.
  2185 | D:4      | Found a glowing drain.
  2208 | D:4      | Reached skill level 5 in Long Blades
  2234 | Sewer    | Entered a sewer
  2270 | Sewer    | Reached XP level 5. HP: 33/41 MP: 5/5
  2640 | D:4      | Found a blossoming altar of Fedhas.
  2644 | D:4      | Noticed an ogre
  2651 | D:4      | Killed an ogre
  2652 | D:4      | Reached skill level 6 in Long Blades
  2700 | D:4      | Noticed Menkaure
  2710 | D:4      | Killed Menkaure
  2711 | D:4      | Reached XP level 6. HP: 5/47 MP: 6/6
  2966 | D:4      | Found a stormy altar of Qazlal.
  3051 | D:4      | Found Asteg's Antique Armour Emporium.
  3063 | D:4      | Reached skill level 7 in Long Blades
  3112 | D:4      | Found a shimmering altar of Xom.
  3510 | D:4      | Gained mutation: You are mostly covered in thin metallic
                  | scales. (AC +3) [demonic ancestry]
  3510 | D:4      | Reached XP level 7. HP: 49/52 MP: 7/7
  3721 | D:5      | Entered Level 5 of the Dungeon
  4016 | D:5      | Reached skill level 8 in Long Blades
  4063 | D:5      | Identified the +6 dagger of Infection {flame, rC+ Dex+3}
  4114 | D:5      | Mangled by an orc warrior

Illustrated notes

Levels and vault maps discovered:
D:1:      ncdulo_halloftheorcs, layout_basic
D:2:      layout_loops_ring, bh_walls_and_bars
D:3:      layout_basic, tgw_kikubaaqudgha, overflow_temple_1_default,
          nicolae_ecumenical_snake_handling, minmay_misc_feat_doors
D:4:      layout_gridville, mainiacjoe_overflow_paths, old_standard_altar,
          mainiacjoe_overflow_24_doors, kennysheep_little_box,
          grunt_qazlal_sundering, cheibrodos_sewer_entry_drain,
          nicolae_stop_n_shop_1, uniq_menkaure
D:5:      layout_loops_corners, mainiacjoe_overflow_alcove_1,
          minmay_temple_entry_antechambers, serial_shops, shop

Skill      XL: |  1  2  3  4  5  6  7 |
---------------+----------------------+-----
Long Blades    | 3 4 5 6 7 8 |  8.2
Fighting       | |  3.0
Dodging        | |  2.6

Action                     |  1- 3 |  4- 6 |  7- 9 || total
---------------------------+-------+-------+-------++-------
  Melee: Falchion          |    88 |   163 |    48 ||   299
    Use: Potion            |       |     2 |       ||     2
         Scroll            |       |     4 |       ||     4
   Stab: Distracted        |       |     1 |     1 ||     2
 Armour: Leather armour    |    24 |    41 |    12 ||    77
         Skin              |       |     1 |       ||     1
  Dodge: Dodged            |    43 |    88 |    21 ||   152
